Map: Lerilak Crest

Players

Soundwave - Winner!

  • Race: Zerg Zerg

SoaresFR

  • Race: Terran Terran
  • League: Silver

VOD

Have the link to the VOD?

Description

Time

  • Played on: Nov. 17, 2015, 4:46 p.m.
  • Length: 9:02
Show
View Real Time Build Order
Export as new Build Order

Soundwave Zerg - Winner!

Build Orders: Hatch First 

Get SALT Encoding   

  12  0:01  Drone  
  13  0:11  Drone  
  14  0:18  Drone, Extractor  
  15  0:45  Hatchery, Drone, Extractor  
  15  1:00  Spawning Pool  
  14  1:05  Overlord  
  14  1:21  Extractor  
  14  1:22  Drone  
  14  1:24  Drone x2  
  16  1:34  Drone  
  17  1:49  Zergling x2  
  17  1:53  Queen  
  20  1:57  Queen  
  20  1:59  Drone  
  20  2:00  Drone  
  24  2:06  Overlord  
  24  2:11  Drone  
  25  2:21  Metabolic Boost  
  25  2:24  Drone  
  25  2:25  Drone  
  27  2:36  Drone x2  
  29  2:52  Drone x4  
  33  3:01  Lair  
  33  3:02  Evolution Chamber  
  33  3:03  Evolution Chamber  
  31  3:08  Drone x3  
  31  3:09  Drone  
  35  3:31  Drone  
  35  3:32  Overlord  
  36  3:36  Zerg Melee Weapons Level 1  
  36  3:42  Hatchery  
  35  3:48  Extractor  
  35  3:49  Drone x2  
  35  3:52  Drone  
  37  3:58  Queen  
  39  4:03  Drone x5  
  39  4:09  Overlord x2  
  44  4:23  Zerg Ground Armor Level 1  
  44  4:29  Extractor  
  43  4:32  Drone  
  43  4:33  Drone x4  
  43  4:35  Roach Warren  
  47  5:05  Hydralisk Den  
  46  5:11  Drone, Infestation Pit, Extractor  
  46  5:12  Drone x2  
  46  5:14  Overlord x2  
  47  5:16  Overseer  
  47  5:18  Drone x4  
  47  5:19  Drone x3  
  54  5:31  Queen  
  54  5:35  Zergling x10  
  61  5:36  Zergling x8  
  65  5:48  Hydralisk x4  
  72  5:58  Spine Crawler  
  71  6:05  Spine Crawler  
  71  6:11  Queen  
  70  6:15  Overlord x4  
  72  6:18  Zerg Missile Weapons Level 1  
  72  6:20  Muscular Augments  
  72  6:51  Hydralisk x3  
  72  6:52  Hydralisk x6  
  72  6:53  Hydralisk  
  92  7:09  Hatchery  
  91  7:31  Hive  
  91  7:39  Roach x6  
  91  7:40  Roach  
  91  7:41  Overlord x2  
  91  7:42  Overlord x3  
  105  7:44  Overseer  
  105  8:03  Hydralisk x3  
  105  8:04  Hydralisk x4  
  119  8:19  Hydralisk x4  
  123  8:31  Zergling x8  
  123  8:32  Zergling x8  
Show
View Real Time Build Order
Export as new Build Order

SoaresFR Terran 

Build Orders:  

Get SALT Encoding   

  12  0:01  SCV  
  13  0:13  SCV  
  14  0:20  Supply Depot  
  14  0:25  SCV  
  15  0:41  SCV  
  16  0:43  Barracks  
  16  0:50  Refinery  
  16  0:53  SCV  
  17  1:06  SCV  
  18  1:18  SCV  
  19  1:30  SCV  
  19  1:31  Marine  
  21  1:43  SCV  
  22  1:50  Command Center  
  22  1:52  Barracks  
  22  1:59  SCV  
  23  2:16  Supply Depot  
  23  2:21  Supply Depot  
  23  2:37  SCV  
  23  2:38  Barracks Reactor  
  23  2:39  Barracks Reactor  
  24  2:49  Refinery  
  24  2:50  SCV  
  25  2:54  Factory  
  25  3:01  Orbital Command  
  25  3:02  SCV  
  26  3:14  SCV  
  26  3:19  Marine x2  
  29  3:20  Marine x2  
  31  3:27  Supply Depot  
  31  3:33  Refinery  
  31  3:39  Starport  
  31  3:40  Marine x4  
  35  3:42  Factory Reactor  
  35  3:45  SCV  
  36  3:50  SCV  
  37  3:57  SCV  
  37  3:58  Marine x2  
  37  4:00  Marine x2  
  37  4:02  SCV  
  43  4:09  SCV  
  44  4:12  Barracks  
  44  4:14  SCV  
  45  4:21  SCV  
  46  4:26  SCV  
  46  4:27  Marine x3  
  46  4:28  Marine  
  51  4:33  SCV  
  52  4:38  SCV  
  52  4:43  Supply Depot  
  53  4:45  SCV  
  53  4:46  Supply Depot  
  54  4:53  Refinery, Marine x4  
  54  4:56  Medivac x2  
  62  5:04  SCV x2  
  64  5:16  SCV x2  
  64  5:18  Barracks Tech Lab  
  66  5:21  Barracks, Marine  
  66  5:22  Marine x3  
  70  5:31  Engineering Bay  
  70  5:48  Command Center  
  70  6:02  Marine x4  
  70  6:03  Marauder  
  76  6:04  Combat Shields  
  76  6:13  Supply Depot  
  76  6:14  Supply Depot  
  76  6:17  Supply Depot, Barracks Tech Lab  
  76  6:23  Factory Tech Lab  
  76  6:25  Factory  
  76  6:26  Barracks  
  76  6:27  Terran Infantry Weapons Level 1  
  76  6:32  Engineering Bay  
  76  6:43  Marauder  
  78  6:55  SCV x2  
  80  7:06  Marauder  
  80  7:07  SCV x2  
  84  7:11  Factory Tech Lab  
  84  7:15  Armory  
  84  7:19  Barracks Tech Lab  
  84  7:28  Marine x2  
  86  7:30  Medivac x2  
  86  7:31  Orbital Command  
  86  7:34  Refinery  
  89  8:00  Marine x2, Orbital Command, Marauder x3  
  95  8:24  Marine x2, Marauder x3  
  95  8:25  Marine x2  
Tags
 
League
Silver
Matchup
TvZ
Replay Pack
First Pack
Add a new tag
Caveats
  • Supply blocks, unpowered buildings, or Contaminate may cause inaccurate times.
  • Supply counts are checked every 10 seconds.